 Dungeon Crawl Stone Soup version 0.23.2-33-g5129a83184 (webtiles) character file.

Game seed: 7029556293959198953

2123 psyvane the Destroyer (level 9, 0/46 HPs)
             Began as a Deep Elf Earth Elementalist on June 30, 2019.
             Was a Priest of Sif Muna.
             Slain by an orc warrior
             ... wielding a +0 scimitar of flaming
              (9 damage)
             ... on level 7 of the Dungeon.
             The game lasted 00:43:41 (8732 turns).

psyvane the Destroyer (Deep Elf Earth Elementalist) Turns: 8732, Time: 00:43:44

Health: 0/46       AC:  6    Str:  5    XL:     9   Next: 8%
Magic:  12/21      EV: 13    Int: 24    God:    Sif Muna [***...]
Gold:   316        SH:  0    Dex: 15    Spells: 0/21 levels left

rFire    x . .     SeeInvis .   n - +3 dagger (elec)
rCold    + . .     Gourm    .   (no shield)
rNeg     . . .     Faith    .   c - +0 robe
rPois    .         Spirit   .   k - +0 helmet
rElec    .         Reflect  .   (no cloak)
rCorr    .         Harm     .   s - +0 pair of gloves
MR       .....                  i - +1 pair of boots
Stlth    +++.......             (no amulet)
HPRegen  0.15/turn              f - ring of wizardry
MPRegen  0.17/turn              z - ring of ice

@: divine energy
A: no striking features
a: Stop Divine Energy, Channel Magic, Renounce Religion


You were on level 7 of the Dungeon.
You worshipped Sif Muna.
Sif Muna was most pleased with you.
You were full.

You visited 1 branch of the dungeon, and saw 7 of its levels.

You collected 422 gold pieces.
You spent 106 gold pieces at shops.

Inventory:

Hand Weapons
 a - a +1 short sword of speed
 n - a +3 dagger of electrocution (weapon)
Missiles
 b - 149 stones (quivered)
 v - 3 sling bullets
Armour
 c - a +0 robe (worn)
 i - a +1 pair of boots (worn)
 k - a +0 helmet (worn)
 s - a +0 pair of gloves (worn)
 u - a +0 hat
Magical Staves
 t - an uncursed staff of death
Jewellery
 f - a ring of wizardry (left hand)
 z - a ring of ice (right hand)
Wands
 g - a wand of polymorph (8)
 h - a wand of random effects (23)
 r - a wand of disintegration (10)
Scrolls
 j - 5 scrolls of remove curse
 m - a scroll of fog
 o - 3 scrolls of magic mapping
 p - 2 scrolls of teleportation
 q - a scroll of amnesia
 y - a scroll of fear
 C - a scroll of enchant armour
Potions
 e - 5 potions of curing
 l - 2 potions of haste
 x - a potion of might
Comestibles
 d - 9 rations


   Skills:
 + Level 0.5 Fighting
 * Level 2.9 Dodging
 * Level 5.7 Stealth
 - Level 6.9 Spellcasting
 * Level 9.2 Conjurations
 - Level 1.2 Transmutations
 - Level 6.6 Earth Magic
 * Level 0.6 Invocations


You couldn't memorise any spells.
You knew the following spells:

 Your Spells              Type           Power        Failure   Level  Hunger
a - Lee's Rapid Deconstr  Erth           #####.....   5%          5    #####..
b - Stone Arrow           Conj/Erth      #####.       1%          3    None
c - Passwall              Tmut/Erth      ####....     1%          2    None
d - Petrify               Tmut/Erth      ####....     6%          4    ###....
e - Sandblast             Erth           #####.       1%          1    None
f - Blink                 Tloc           N/A          4%          2    None
g - Slow                  Hex            #.......     4%          2    None
h - Call Imp              Summ           #.......     4%          2    None

Your spell library contained the following spells:

 Spells                   Type           Power        Failure   Level  Hunger
 Magic Dart               Conj           ####         1%          1    None
 Conjure Flame            Conj/Fire      ####....     1%          3    None
 Mephitic Cloud           Conj/Pois/Air  ###.....     2%          3    None


Dungeon Overview and Level Annotations

Branches:
Dungeon (7/15)             Temple (0/1) D:5

Altars:
Cheibriados
Nemelex Xobeh
Okawaru
Qazlal
Ru
Sif Muna
Xom

Shops:
D:5 *

Annotations:
D:5 Dowan


Message History

You kill the orc!
Sif Muna accepts your kill.
The blast of rock fragments hits the orc warrior.
The orc warrior is lightly wounded.
You hear a shout! x2
Your crimson imp blinks!
The orc warrior hits you with a +0 scimitar of flaming!
The orc warrior burns you.
Casting: Lee's Rapid Deconstruction (safe; 5% risk of failure)
Confirm with . or Enter, or press ? or * to list all spells.
Aiming: Stone Arrow (safe; 1% risk of failure)
Press: ? - help, Shift-Dir - straight line, f - orc warrior
Aim: an orc warrior, wielding a +0 scimitar of flaming, wearing a +0 plate armour and carrying a wand of scattershot (5) (lightly wounded)
The stone arrow hits the orc warrior!
The orc warrior is heavily wounded.
Your crimson imp closely misses the orc warrior.
The orc warrior hits you with a +0 scimitar of flaming!!
* * * LOW HITPOINT WARNING * * *
The orc warrior burns you!
You die...

##<###.#.##.#.###......
##.## ##........###.###.
#.# ##....#.## #.# #.
###.# ##......#####.# #.
....###.#...........# #.
###.#.#.###.##.####### #.
#.......# #.##.#########.
.......#.###..............
#......oo@....#.##########
#......#5##...#.#
#......#.##.#.#.#
#.######.##. #.# # #.#.
#.# #.. ..# ### ###


You could see an orc warrior, an orc and a friendly crimson imp.

Vanquished Creatures
  The ghost of dvd the Firebug, a novice OpFE of Vehumet (D:6)
  2 hungry ghosts (D:6)
  Duvessa (D:5)
  A sky beast (D:5)
  A phantom (D:4)
  An ogre (D:6)
  3 bullfrogs (D:6)
  A wyvern zombie (D:7)
  A wyvern skeleton (D:6)
  A scorpion (D:5)
  2 jellies
  3 killer bees (D:7)
  A crimson imp (D:6)
  A quasit (D:5)
  A hound (D:7)
  3 orc wizards (D:5)
  A bullfrog skeleton (D:6)
  A gnoll shaman (D:3)
  2 orc priests
  A centaur skeleton (D:6)
  3 worker ants
  A worker ant zombie (D:5)
  Robin (D:3)
  7 gnolls (D:3)
  5 adders
  A shadow imp (D:6)
  An ooze (D:3)
  An adder skeleton (D:5)
  A worm (D:2)
  4 dart slugs
  3 leopard geckos
  12 orcs
  10 bats
  10 giant cockroaches
  9 hobgoblins
  18 jackals
  9 kobolds
  3 quokkas (D:4)
  2 ball pythons
  10 frilled lizards
  16 goblins
  5 rats
161 creatures vanquished.

Notes
Turn   | Place    | Note
-------+----------+-------------------------------------------
     0 | D:1      | psyvane the Deep Elf Earth Elementalist began the quest for
                  | the Orb.
     0 | D:1      | Reached XP level 1. HP: 10/10 MP: 6/6
   172 | D:1      | Reached XP level 2. HP: 15/15 MP: 6/8
   508 | D:1      | Reached XP level 3. HP: 19/19 MP: 7/10
   513 | D:1      | Learned a level 3 spell: Stone Arrow
   516 | D:1      | Learned a level 2 spell: Passwall
  1378 | D:2      | Reached XP level 4. HP: 24/24 MP: 7/11
  1435 | D:2      | Reached skill level 1 in Conjurations
  1552 | D:2      | Found a deep blue altar of Sif Muna.
  1555 | D:2      | Became a worshipper of Sif Muna the Loreminder
  1733 | D:3      | Found a stormy altar of Qazlal.
  1743 | D:3      | Learned a level 4 spell: Petrify
  1810 | D:3      | Reached skill level 5 in Earth Magic
  1943 | D:3      | Reached XP level 5. HP: 20/28 MP: 2/12
  2184 | D:3      | Noticed Robin
  2462 | D:4      | Noticed a phantom
  2463 | D:4      | Found a snail-covered altar of Cheibriados.
  2463 | D:4      | Found a sparkling altar of Nemelex Xobeh.
  2464 | D:4      | Found an iron altar of Okawaru.
  2471 | D:4      | Killed a phantom
  2471 | D:4      | Reached * piety under Sif Muna
  2471 | D:4      | Reached XP level 6. HP: 33/33 MP: 7/13
  2517 | D:3      | Killed Robin
  3865 | D:4      | Reached skill level 2 in Conjurations
  4406 | D:5      | Entered Level 5 of the Dungeon
  4663 | D:5      | Reached skill level 5 in Spellcasting
  4724 | D:5      | Learned a level 5 spell: Lee's Rapid Deconstruction
  4726 | D:5      | Learned a level 1 spell: Sandblast
  5040 | D:5      | Found a shimmering altar of Xom.
  5041 | D:5      | Found a sacrificial altar of Ru.
  5084 | D:5      | Reached skill level 3 in Conjurations
  5084 | D:5      | Reached XP level 7. HP: 37/37 MP: 6/16
  5252 | D:5      | Found a staircase to the Ecumenical Temple.
  5284 | D:5      | Reached skill level 4 in Conjurations
  5464 | D:5      | Found Behoacof's Assorted Antiques.
  5473 | D:5      | Reached ** piety under Sif Muna
  5583 | D:5      | Bought a grey potion for 25 gold pieces
  5583 | D:5      | Bought a glowing puce potion for 25 gold pieces
  5583 | D:5      | Bought a scroll labeled OSABOON DELINO for 28 gold pieces
  5583 | D:5      | Bought a scroll labeled OSABOON DELINO for 28 gold pieces
  5679 | D:5      | Noticed Duvessa
  5679 | D:5      | Noticed Dowan
  5684 | D:5      | Killed Duvessa
  5684 | D:5      | Reached skill level 5 in Conjurations
  6444 | D:6      | Reached skill level 6 in Conjurations
  6549 | D:6      | Found a transporter.
  6562 | D:6      | Reached XP level 8. HP: 42/42 MP: 10/17
  6616 | D:6      | Learned a level 2 spell: Blink
  6681 | D:6      | Found a transporter.
  6681 | D:6      | Noticed dvd's ghost (novice OpFE)
  7051 | D:6      | Reached skill level 5 in Stealth
  7051 | D:6      | Reached skill level 7 in Conjurations
  7431 | D:6      | Reached *** piety under Sif Muna
  8056 | D:6      | Reached skill level 8 in Conjurations
  8062 | D:6      | Killed dvd's ghost
  8305 | D:7      | Reached XP level 9. HP: 46/46 MP: 12/21
  8306 | D:7      | Reached skill level 9 in Conjurations
  8360 | D:7      | Learned a level 2 spell: Slow
  8363 | D:7      | Learned a level 2 spell: Call Imp
  8726 | D:7      | Identified the cursed +0 plate armour "Batrecky" {rC+
                  | Int+5}
  8732 | D:7      | Slain by an orc warrior

Skill      XL: |  1  2  3  4  5  6  7  8  9 |
---------------+----------------------------+-----
Earth Magic    | 4 5 6 |  6.6
Conjurations   | 1 3 6 8 9 |  9.2
Stealth        | 3 4 5 |  5.7
Spellcasting   | 5 6 |  6.9
Fighting       | |  0.5
Dodging        | |  2.9
Transmutations | |  1.2
Invocations    | |  0.6

Action                   |  1- 3 |  4- 6 |  7- 9 || total
-------------------------+-------+-------+-------++-------
Melee: Short sword       |     3 |    14 |       ||    17
       Dagger            |       |    28 |    15 ||    43
 Cast: Sandblast         |    69 |    48 |     1 ||   118
       Stone Arrow       |     3 |    56 |    74 ||   133
       Petrify           |       |     1 |       ||     1
       Passwall          |       |     1 |       ||     1
       Blink             |       |       |     1 ||     1
       Call Imp          |       |       |     2 ||     2
       Lee's Rapid Decon |       |       |     2 ||     2
Invok: Divine Energy     |       |     1 |       ||     1
  Use: Scroll            |     1 |     7 |     3 ||    11
       Potion            |       |     3 |     6 ||     9
  Eat: Chunk             |     2 |    11 |     9 ||    22
       Ration            |       |     1 |     3 ||     4
Armor: Robe              |     6 |    20 |     9 ||    35
Dodge: Dodged            |    20 |    38 |    13 ||    71
